 Dungeon Crawl Stone Soup version 0.30.0-5-g1a98f26d00 (webtiles) character file.

Game seed: 18158919931525783198

65 Jase the Grave Robber (level 3, -2/24 HPs)
             Began as a Demonspawn Necromancer on May 10, 2023.
             Was a Follower of Okawaru.
             Slain by Sigmund
             ... wielding a +0 scythe
              (5 damage)
             ... on level 3 of the Dungeon.
             The game lasted 00:04:30 (2270 turns).

Jase the Grave Robber (Demonspawn Necromancer)      Turns: 2270, Time: 00:04:30

Health: -2/24      AC:  2    Str:  8    XL:     3   Next: 94%
Magic:  7/7        EV: 17    Int: 18    God:    Okawaru [*.....]
Gold:   111        SH:  0    Dex: 13    Spells: 6/7 levels left

rFire   . . .        a - +0 mace (venom)
rCold   . . .        (no shield)
rNeg    . . .        n - +0 robe
rPois   .            (no helmet)
rElec   .            (no cloak)
rCorr   .            (no gloves)
SInv    .            (no boots)
Will    .....        o - amulet of magic regeneration
Stlth   ++           f - +5 ring of evasion
HPRegen 0.24/turn    (no ring)
MPRegen 0.50/turn

%: no passive effects
@: no status effects
A: claws 1, condensation shield
a: Renounce Religion, Heroism


You were on level 3 of the Dungeon.
You worshipped Okawaru.
Okawaru was aware of your devotion.
You visited 1 branch of the dungeon, and saw 3 of its levels.

You collected 111 gold pieces.

Inventory:

Hand Weapons
 a - a +0 mace of venom (weapon)
Armour
 n - a +0 robe (worn)
Jewellery
 f - a +5 ring of evasion (left claw)
 h - a ring of fire
 o - an amulet of magic regeneration (around neck)
 p - a ring of ice
Scrolls
 d - a scroll of magic mapping {unknown}
 i - a scroll of teleportation {unknown}
 k - 3 scrolls of identify {unknown}
 l - a scroll of fog {unknown}
 m - a scroll of poison {unknown}
Potions
 b - a potion of magic
 c - a potion of curing {unknown}
 e - 3 potions of mutation {unknown}
 g - 2 potions of degeneration {unknown}
 j - a potion of experience {unknown}


   Skills:
 - Level 1.7 Dodging
 - Level 1.7 Stealth
 + Level 2.7 Spellcasting
 * Level 5.6 Necromancy
 + Level 0.3 Invocations


You had 6 spell levels left.
You knew the following spells:

 Your Spells              Type           Power      Damage    Failure   Level
a - Necrotise             Necr           88%        1d8       1%          1

Your spell library contained the following spells:

 Spells                   Type           Power      Damage    Failure   Level
 Vampiric Draining        Necr           22%        2d7       4%          3
 Beastly Appendage        Tmut           4%         N/A       17%         1
 Wereblood                Tmut           2%         N/A       26%         2
 Agony                    Necr           22%        N/A       43%         5
 Spider Form              Tmut/Pois      2%         N/A       45%         3
 Volatile Blastmotes      Fire/Tloc      4%         2d10      45%         3
 Fulminant Prism          Conj/Hex       1%         3d5       86%         4
 Iskenderun's Mystic Bla  Conj/Tloc      2%         2d3       86%         4
 Olgreb's Toxic Radiance  Pois           2%         N/A       86%         4
 Lee's Rapid Deconstruct  Erth           1%         3d4*      99%         5
 Discord                  Hex            1%         N/A       100%        8
 Ignition                 Fire           1%         3d3       100%        8
 Animate Dead             Necr           Unusable   N/A       N/A         4

Dungeon Overview and Level Annotations

Branches:
Dungeon (3/15)

Altars:
Okawaru

Annotations:
D:3 Sigmund


Innate Abilities, Weirdness & Mutations

You have sharp fingernails.
A meltable shield of frost defends you. (SH +0)


Message History

Sigmund is moderately wounded.
Sigmund points at you and mumbles some strange words.
You are confused.
Sigmund misses you.
You bump into the rock wall.
Unknown command.
You bump into the rock wall.
Sigmund misses you. Sigmund completely misses you.
You're too confused to move!
Okay, then.
You closely miss Sigmund.
Sigmund is severely wounded.
Sigmund looks more healthy.
Sigmund closely misses you.
You miss Sigmund.
Sigmund is severely wounded.
Sigmund misses you.
You barely miss Sigmund.
Sigmund is severely wounded.
You feel less confused.
Sigmund says, "Your kind have come here before.
I understand now why.
You desire death..."
Sigmund casts a spell.
Sigmund flickers and vanishes!
Deactivating autopickup; reactivate with Ctrl-A.
You hear some strange, mumbled words.
A puff of flame appears from out of thin air!
The puff of flame hits you!
Your condensation shield dissipates!
You closely miss something. Something closely misses you.
You miss something. Something hits you.
You miss something. You claw something. Something hits you!
* * * LOW HITPOINT WARNING * * *
You miss something.
You hear some strange, mumbled words.
A puff of flame appears from out of thin air!
The puff of flame hits you.
* * * LOW HITPOINT WARNING * * *
You barely miss something. Something hits you but does no damage.
You miss something. Something barely misses you.
You hit something. Something hits you.
You die...

#.# #.# #.# # #.#
.# .# #.###.#
#..######.#...
#......#.#.# .
#.....#@{.# ...
#.....##..#.....
######<..........
#......##..#.....
#########..# ....
#.... ### #...##
#.... #.##..


There were no monsters in sight!

Vanquished Creatures
  Terence (D:2)
  A worm (D:2)
  A dart slug (D:2)
  3 orcs (D:2)
  2 endoplasms
  A giant cockroach (D:2)
  2 hobgoblins (D:1)
  3 jackals (D:1)
  2 kobolds
  2 quokkas
  A ball python (D:2)
  5 bats
  3 goblins
  2 rats
29 creatures vanquished.

Vanquished Creatures (collateral kills)
  A ball python (D:1)
  A jackal (D:1)
  A kobold (D:1)
3 creatures vanquished.

Grand Total: 32 creatures vanquished

Notes
Turn   | Place    | Note
-------+----------+-------------------------------------------
     0 | D:1      | Jase the Demonspawn Necromancer began the quest for the
                  | Orb.
     0 | D:1      | Reached XP level 1. HP: 13/13 MP: 3/3
   189 | D:1      | Gained mutation: You have sharp fingernails. [demonic
                  | ancestry]
   189 | D:1      | Reached XP level 2. HP: 19/19 MP: 1/5
   532 | D:1      | Reached skill level 5 in Necromancy
  1110 | D:2      | Gained mutation: A meltable shield of frost defends you.
                  | (SH +0) [demonic ancestry]
  1110 | D:2      | Reached XP level 3. HP: 24/24 MP: 3/6
  1156 | D:2      | Identified the +2 whip of True Grit {holy, rC+ Int+6}
  1556 | D:2      | Noticed Terence
  1562 | D:2      | Killed Terence
  1731 | D:2      | Found a faded altar of an unknown god.
  1739 | D:2      | Prayed at the altar of an unknown god.
  1739 | D:2      | Became a worshipper of Warmaster Okawaru
  1739 | D:2      | Reached * piety under Okawaru
  2252 | D:3      | Noticed Sigmund
  2270 | D:3      | Slain by Sigmund

Illustrated notes

Levels and vault maps discovered:
D:1:      tarquinn_simple_flora_water_e, layout_loops_ring
D:2:      layout_basic, ebering_ecumenical_altar_hall, chequers_big_river,
          uniq_terence
D:3:      layout_rooms, nicolae_overflow_two_pavilions,
          nicolae_concentric_dashed_squares_mild, minmay_misc_feat_tower,
          minmay_misc_feat_secret_circle, uniq_ijyb, uniq_sigmund, uniq_natasha,
          uniq_pargi

Skill      XL: |  1  2 |
---------------+-------+-----
Necromancy     | 5 |  5.6
Dodging        | |  1.7
Stealth        | |  1.7
Spellcasting   | |  2.7
Invocations    | |  0.3

Action                     || total
---------------------------++-------
  Melee: Hand axe          ||    14
         Mace              ||    17
         Punch             ||     1
   Cast: Necrotise         ||    58
 Armour: Robe              ||     3
  Dodge: Dodged            ||    38
  Block: Other             ||     1
